Workbook
Name incBuyerDossierDetaillnkRequestName: PRINCIPAL!$J$43
Name lnkContractReferenceLink_1: PRINCIPAL!$G$49
Name lnkProcurementContractViewLinkNewTab_0: PRINCIPAL!$K$260
Name Print_Area: PRINCIPAL!$A$1:$N$589

Sheet DATOS
A3: Etiquetas de fila | B3: Cuenta de NOMBRE O RAZON SOCIAL (CONTRATISTA)
A4: 2 Selección abreviada | B4: 2
A5: Selección Abreviada de Menor Cuantia sin Manifestacion de Interés | B5: 1
A6: Selección abreviada menor cuantía | B6: 1
A7: 5 Contratación directa | B7: 407
A8: ARRENDAMIENTO DE INMUEBLES | B8: 1
A9: PRESTACION DE SERVICIOS DE APOYO | B9: 1
A10: PRESTACION DE SERVICIOS DE APOYO | B10: 70
A11: PRESTACION DE SERVICIOS DE APOYO A LA GESTIÓN | B11: 1
A12: PRESTACIÓN DE SERVICIOS DE APOYO A LA GESTIÓN | B12: 7
A13: PRESTACION DE SERVICIOS PROFESIONALES | B13: 196
A14: PRESTACIÓN DE SERVICIOS PROFESIONALES | B14: 108
A15: Servicios de apoyo a la gestión | B15: 1
... A19: Total general | B19: 409

Sheet PRINCIPAL
A1: N° | B1: TIPO DE TRAMITE | C1: NO CONTRATO | D1: FECHA DE SUSCRIPCION | E1: TIPO DE CONTRATO (MINUTA) | F1: Descripcion Mod. Selec | G1: NO. DE PROCESO | H1: CODIGO UNSPSC | I1: LINK DE PUBLICACIÓN | J1: OBJETO | K1: NOMBRE O RAZON SOCIAL (CONTRATISTA) | L1: VALOR INICIAL | M1: CANTIDAD DE PAGOS | N1: DEPENDENCIA
A2: 1 | B2: Nuevo | C2: UAESP-455-2026 | D2: 46227 | E2: Prestación de servicios profesionales y de apoyo a la gestión | F2: Contratación Directa | G2: UAESP-455-2026 | H2: 80161500 | I2: https://community.secop.gov.co/Public/Tendering/OpportunityDetail/Index?noticeUID=CO1.NTC.10574748&isFromPublicArea=True&isModal=true&asPopupView=true | J2: RBL-103 Prestar servicios profesionales a la Subdirección de RBL de la UAESP para desarrollar acciones de seguimiento en el territorio dirigidas a identificar fuentes de reguero de residuos, incumplimiento de las responsabilidades de los usuarios del servicio de aseo y sensibilizar a los usuarios en el manejo adecuado de residuos y otras actividades que impidan mantener el orden y mejorar las condiciones de limpieza del espacio público. | K2: LEVIS STEVEEN PAEZ UBAQUE | L2: 44000000 | M2: 6 | N2: Subdirección de recolección barrido y limpieza - SRBL
A3: 2 | B3: Nuevo | C3: UAESP-431-2026 | D3: 46217 | E3: Prestación de servicios profesionales y de apoyo a la gestión | F3: Contratación Directa | G3: UAESP-431-2026 | H3: 80161500 | I3: https://community.secop.gov.co/Public/Tendering/OpportunityDetail/Index?noticeUID=CO1.NTC.10495621&isFromPublicArea=True&isModal=true&asPopupView=true | J3: SSF-001 Prestar servicios profesionales a la Subdirección de Servicios Funerarios y Alumbrado Público para apoyar las actividades de seguimiento, control y mantenimiento de la infraestructura física requerida en la prestación de los servicios funerarios en los equipamientos de propiedad del Distrito. | K3: MILTON LEANDRO PLAZAS RUEDA | L3: 34760000 | M3: 5 | N3: Subdirección de Servicios Funerarios y Alumbrado Público- SSFAP
A4: 3 | B4: Nuevo | C4: UAESP-444-2026 | D4: 46227 | E4: Prestación de servicios profesionales y de apoyo a la gestión | F4: Contratación Directa | G4: UAESP-444-2026 | H4: 80161500 | I4: https://community.secop.gov.co/Public/Tendering/OpportunityDetail/Index?noticeUID=CO1.NTC.10563698&isFromPublicArea=True&isModal=true&asPopupView=true | J4: TIC-032 Prestar servicios de apoyo en la gestión de TI para asegurar la continuidad operativa de la infraestructura de TI, en actividades de mantenimiento, revisión, alistamiento y soporte operativo de computadores, servidores e infraestructura de TI de la UAESP. | K4: DIEGO FELIPE RODRIGUEZ ANGEL | L4: 30000000 | M4: 6 | N4: Oficina de Tecnologías de la Información y las Comunicaciones
A5: 4 | B5: Nuevo | C5: UAESP-442-2026 | D5: 46225 | E5: Prestación de servicios profesionales y de apoyo a la gestión | F5: Contratación Directa | G5: UAESP-442-2026 | H5: 80111600 | I5: https://community.secop.gov.co/Public/Tendering/OpportunityDetail/Index?noticeUID=CO1.NTC.10550087&isFromPublicArea=True&isModal=true&asPopupView=true | J5: SAL-056 Brindar servicios de apoyo a la gestión para el seguimiento, revisión y verificación en temas administrativos y operativos de la Subdirección de asuntos Legales adelantando en el marco de las actividades requeridas. | K5: YAMILE TOVAR MARTINEZ | L5: 24324300 | M5: 6 | N5: Subdirección De Asuntos Legales SAL
A6: 5 | B6: Nuevo | C6: UAESP-452-2026 | D6: 46227 | E6: Prestación de servicios profesionales y de apoyo a la gestión | F6: Contratación Directa | G6: UAESP-452-2026 | H6: 80161500 | I6: https://community.secop.gov.co/Public/Tendering/OpportunityDetail/Index?noticeUID=CO1.NTC.10574412&isFromPublicArea=True&isModal=true&asPopupView=true | J6: TIC-031 Prestar servicios de apoyo a la gestión de TI en soporte técnico a los sistemas de información, infraestructura y telecomunicaciones brindando soluciones a los requerimientos realizados por el personal de la entidad. | K6: SARA LISETH SANCHEZ URRUTIA | L6: 34800000 | M6: 6 | N6: Oficina de Tecnologías de la Información y las Comunicaciones
A7: 6 | B7: Nuevo | C7: UAESP-434-2026 | D7: 46217 | E7: Prestación de servicios profesionales y de apoyo a la gestión | F7: Contratación Directa | G7: UAESP-434-2026 | H7: 80161500 | I7: https://community.secop.gov.co/Public/Tendering/OpportunityDetail/Index?noticeUID=CO1.NTC.10497358&isFromPublicArea=True&isModal=true&asPopupView=true | J7: SDF-021 Prestar servicios profesionales a la Subdirección de Disposición Final de la UAESP en la formulación y análisis de los instrumentos de planificación e instrumentos ambientales relacionados con la SDF | K7: JENNIFER VANEGAS PEÑA | L7: 51000000 | M7: 6 | N7: Subdirección de Disposición Final - SDF
A8: 7 | B8: Nuevo | C8: UAESP-456-2026 | D8: 46230 | E8: Prestación de servicios profesionales y de apoyo a la gestión | F8: Contratación Directa | G8: UAESP-456-2026 | H8: 80161500 | I8: https://community.secop.gov.co/Public/Tendering/OpportunityDetail/Index?noticeUID=CO1.NTC.10578905&isFromPublicArea=True&isModal=true&asPopupView=true | J8: DG-007 Prestar servicios de apoyo a la gestión efectuando los trámites administrativos requeridos para el funcionamiento de los asuntos a cargo de la Dirección General de la Unidad Administrativa Especial de Servicios Públicos UAESP | K8: SAHIDA NATALIA BERNAL | L8: 27200000 | M8: 4 | N8: Dirección General
A9: 8 | B9: Nuevo | C9: UAESP-457-2026 | D9: 46231 | E9: Prestación de servicios profesionales y de apoyo a la gestión | F9: Contratación Directa | G9: UAESP-457-2026 | H9: 80111600 | I9: https://community.secop.gov.co/Public/Tendering/OpportunityDetail/Index?noticeUID=CO1.NTC.10590652&isFromPublicArea=True&isModal=true&asPopupView=true | J9: SA-079 Prestar servicios profesionales para adelantar acciones en territorio con autoridades y actores sociales, que permitan mejoras significativas en la atención de requerimientos, coordinación de servicios y operativos locales de conformidad con las responsabilidades a cargo de la UAESP. | K9: CAMILO ANDRES LAVERDE ALDANA | L9: 40000000 | M9: 5 | N9: Subdirección de Aprovechamiento- SA
A10: 9 | B10: Nuevo | C10: UAESP-436-2026 | D10: 46218 | E10: Prestación de servicios profesionales y de apoyo a la gestión | F10: Contratación Directa | G10: UAESP-436-2026 | H10: 80161500 | I10: https://community.secop.gov.co/Public/Tendering/OpportunityDetail/Index?noticeUID=CO1.NTC.10511566&isFromPublicArea=True&isModal=true&asPopupView=true | J10: RBL-172 Prestación de servicios profesionales especializados para brindar asistencia y acompañamiento jurídico a la Unidad Administrativa Especial de Servicios Públicos UAESP en los asuntos relacionados con las actividades, proyectos, contratos y esquemas de prestación, operación o gestión a cargo de la Subdirección de Recolección, Barrido y Limpieza - RBL, asi como en los asuntos regulatorios, contractuales, administrativos y de competencia económica asociados a dichas actividades | K10: PÉREZ-LLORCA, GÓMEZ-PINZÓN SAS | L10: 333200000 | M10: 7 | N10: Subdirección de recolección barrido y limpieza - SRBL
A11: 10 | B11: Nuevo | C11: UAESP-443-2026 | D11: 46225 | E11: Prestación de servicios profesionales y de apoyo a la gestión | F11: Contratación Directa | G11: UAESP-443-2026 | H11: 80161500 | I11: https://community.secop.gov.co/Public/Tendering/OpportunityDetail/Index?noticeUID=CO1.NTC.10547457&isFromPublicArea=True&isModal=true&asPopupView=true | J11: TIC-029 Prestar servicios profesionales a la Oficina de Tic para la realización de analítica de datos en la Unidad Administrativa Especial de Servicios Públicos - UAESP permitiendo la generación informe que atiendan los lineamientos técnicos respectivamente | K11: JHOAN SEBASTIAN RUSSO FLÓREZ | L11: 55000000 | M11: 6 | N11: Oficina de Tecnologías de la Información y las Comunicaciones
A12: 11 | B12: Nuevo | C12: UAESP-445-2026 | D12: 46226 | E12: Prestación de servicios profesionales y de apoyo a la gestión | F12: Contratación Directa | G12: UAESP-445-2026 | H12: 80111600 | I12: https://community.secop.gov.co/Public/Tendering/OpportunityDetail/Index?noticeUID=CO1.NTC.10563158&isFromPublicArea=True&isModal=true&asPopupView=true | J12: SA-018 Prestar servicios profesionales de asesoría y acompañamiento técnico a la Subdirección de Aprovechamiento para el desarrollo de las acciones estratégicas orientadas al cumplimiento de las obligaciones distritales de competencia de la Subdirección de Aprovechamiento. | K12: ANA LUCIA QUIJANO HOYOS | L12: 78000000 | M12: 6 | N12: Subdirección de Aprovechamiento- SA
A13: 12 | B13: Nuevo | C13: UAESP-454-2026 | D13: 46227 | E13: Prestación de servicios profesionales y de apoyo a la gestión | F13: Contratación Directa | G13: UAESP-454-2026 | H13: 80111600 | I13: https://community.secop.gov.co/Public/Tendering/OpportunityDetail/Index?noticeUID=CO1.NTC.10572676&isFromPublicArea=True&isModal=true&asPopupView=true | J13: SA-017 Prestar servicios profesionales para la ejecución de actividades jurídicas orientadas al cumplimiento de las obligaciones distritales de competencia de la Subdirección de Aprovechamiento. | K13: DIANA MILENA CARDENAS CARREÑO | L13: 76200000 | M13: 6 | N13: Subdirección de Aprovechamiento- SA
... A43: 42 | B43: Nuevo | C43: UAESP-439-2026 | D43: 46219 | E43: Prestación de servicios profesionales y de apoyo a la gestión | F43: Contratación Directa | G43: UAESP-439-2026 | H43: 80111600 | I43: https://community.secop.gov.co/Public/Tendering/OpportunityDetail/Index?noticeUID=CO1.NTC.10520550&isFromPublicArea=True&isModal=true&asPopupView=true | J43: SA- 016 Prestar servicios profesionales a la Subdirección de Aprovechamiento para la planeación y seguimiento de los recursos asignados al proyecto de inversión a cargo de la dependencia | K43: LAURA MARCELA SANCHEZ BERDUGO | L43: 53400000 | M43: 6 | N43: Subdirección de Aprovechamiento- SA

Sheet ITEMS
A1: Clase de Contrat0 | B1: MODALIDAD DE SELECCIÓN 2 | C1: TIPO PERSONA 3 | D1: TIPO CONFIGURACION 4 | E1: UNIDAD PLAZO DE EJECUCIÓN 5 | F1: TIPO DE GASTO 6 | G1: PROCEDIMIENTO | H1: REGIMEN DE CONTRATACION | I1: TIPO DE MODIFICACION | J1: GENERO | K1: DEPENDENCIA
A2: 10 10-Contrato de Obra | B2: 1 Licitación pública | C2: 1 1. Natural | D2: 1 1-Unión Temporal | E2: 1 1. Días | F2: 1 1. Inversión | G2: 1 1. Subasta Inversa | H2: 1 1. Ley 80 | I2: 1 1. Cesión | J2: Masculino | K2: DIRECCION GENERAL
A3: 21 21-Consultoría (Interventoría) | B3: 2 Selección abreviada | C3: 2 2. Jurídica | D3: 2 2-Consorcio | E3: 2 2. Meses | F3: 2 2. Funcionamiento | G3: 2 2. Menor cuantía | H3: 2 2. Privado | I3: 2 2. Adición | J3: Femenino | K3: OFICINA ASESORA DE COMUNICACIONES Y RELACIONES INTERINSTITUCIONALES-OACRI
A4: 22 22-Consultoría (Gerencia de Obra) | B4: 3 Concurso de méritos | D4: 3 3-Administradora Pública Cooperativa | E4: 3 3. Años | F4: 3 3. Servicio de la deuda | G4: 3 3. Concurso de méritos abiertos | H4: 3 3. Convenios Ley 489 | I4: 3 3. Prorroga | K4: OFICINA ASESORA DE PLANEACION-OAP
A5: 23 23-Consultoría (Gerencia de Proyecto) | B5: 4 Mínima cuantía | D5: 4 4-Otras Entidades de Economía Solidaria | E5: 4 4. Indeterminado | F5: 4 4. Otro | G5: 4 4. Concurso de méritos con precalificación | H5: 4 4. CP Art. 355 privadas sin ánimo de lucro | I5: 4 4. Adición / Prórroga | K5: OFICINA DE CONTROL INTERNO-OCI
A6: 24 24-Consultoría (Estudios y Diseños Tecnicos) | B6: 5 Contratación directa | D6: 5 5-Sociedad Anónima | G6: 5 5. Concurso de méritos con jurados | I6: 5 5. Anulación | K6: OFICINA DE TECNOLOGIAS DE LA INFORMACION Y LAS COMUNICACIONES-TICS
A7: 25 25-Consultoría (Estudios de Prefactibilidad y Factibilidad) | B7: 6 Contratación directa por Urgencia Manifiesta | D7: 6 6-Sociedad Ltda. | G7: 6 6. Otro | I7: 6 6. Renegociación por menor valor | K7: SUBDIRECCION ADMINISTRATIVA Y FINANCIERA-SAF
A8: 26 26-Consultoría (Asesoría Técnica) | B8: 7 Convocatoria pública | D8: 7 7-Sociedad Comandita Simple | I8: 7 7. Reinversión | K8: SUBDIRECCION DE APROVECHAMIENTO-SA
A9: 29 29-Consultoría (Otros) | B9: 8 Otra Regimen Especial | D9: 9 9-Fundación sin ánimo de lucro | K9: SUBDIRECCION DE ASUNTOS LEGALES-SAL
A10: 30 30-Servicios de Mantenimiento y/o Reparación | B10: 9 Menor cuantía | D10: 10 10-Corporación sin ánimo de lucro, Organización no Gubernamental -ONG- | K10: SUBDIRECCION DE DISPOSICION FINAL-SDF
A11: 31 31-Servicios Profesionales | D11: 11 11-Entidad Estatal | K11: SUBDIRECCION DE RECOLECCION, BARRIDO Y LIMPIEZA-RBL
A12: 32 32-Servicios Artísticos | D12: 12 12-Universidad Pública | K12: SUBDIRECCION DE SERVICIOS FUNERARIOS Y ALUMBRADO PUBLICO-SSFAP
A13: 33 33-Servicios Apoyo a la Gestion de la Entidad (servicios administrativos) | D13: 13 13-Universidad Privada | K13: OFICINA DE CONTROL INTERNO DISCIPLINARIO-OCDI
A14: 34 34-Servicios Asistenciales de Salud | D14: 14 14-Institución de Investigación Científica
A15: 35 35-Servicios de Comunicaciones | D15: 15 15-Organismo Multilateral
A16: 36 36-Servicios de Edición | D16: 16 16-Institución Aseguradora
A17: 37 37-Servicios de Impresión | D17: 17 17-Institución Financiera
A18: 38 38-Servicios de Publicación | D18: 18 18-Empresa Social del Estado - E.S.E.
A19: 39 39-Servicios de Capacitación | D19: 19 19-Empresa de Servicios Públicos - E.S.P.
A20: 40 40-Servicios de Outsourcing | D20: 20 20-Institución Prestadora de Servicios - I.P.S.
A21: 41 41-Desarrollo de Proyectos Culturales | D21: 21 21-Empresa Promotora de Salud - E.P.S.
A22: 42 42-Suministro de Bienes en general | D22: 22 22-Administradora de Régimen Subsidiado - A.R.S
A23: 43 43-Suministro de Servicio de Vigilancia | D23: 23 23-Empresa Unipersonal
A24: 44 44-Suministro de Servicio de Aseo | D24: 24 24-Otro
A25: 45 45-Sumunistro de Alimentos | D25: 25 25-Sociedad por Acciones Simplificadas - SAS
A26: 46 46-Sumunistro de Medicamentos | D26: 26 26-Persona Natural
A27: 48 48-Otros Suministros
A28: 49 49-Otros Servicios
A29: 50 50-Servicios de Transporte
A30: 51 51-Concesión (Administración de Bienes)
A31: 52 52-Concesión (Servicios Públicos Domiciliarios)
A32: 54 54-Concesión (Servicios de Salud)
A33: 55 55-Concesión (Obra Pública)
A34: 59 59-Concesión (Otros)
A35: 61 61-Contrato de Fiducia o Encargo Fiduciario
A36: 62 62-Contrato de Administración Profesional de Acciones
A37: 63 63-Leasing
A38: 65 65-Depósitos
... A73: 999 999-Otro tipo de naturaleza de contratos
B76: NOMBRE DEL SUPERVISOR | C76: CARGO | D76: NIT Y/O CEDULA SUPERVISOR
B77: LUZ AMANDA CAMACHO SANCHEZ | C77: DIRECTORA GENERAL | D77: 51816415
B78: MONICA ANDREA BONILLA VELASCO | C78: ASESOR(A) | D78: 52980901
B79: JULIAN CAMILO AMADO VELANDIA | C79: JEFE OFICINA ASESORA DE COMUNICACIONES Y RELACIONES INTERINSTITUCIONALES | D79: 80110291
B80: FRANCISCO JOSE AYALA SANMIGUEL | C80: JEFE OFICINA ASESORA DE PLANEACION | D80: 79785547
B81: ANDRES PABON SALAMANCA | C81: JEFE OFICINA CONTROL INTERNO | D81: 80252607
B82: CESAR MAURICIO BELTRAN LOPEZ | C82: JEFE OFICINA DE TECNOLOGIAS DE LA INFORMACION Y LAS COMUNICACIONES | D82: 80499017
B83: RUBEN DARIO PERILLA CARDENAS | C83: SUBDIRECTOR DE ADMINISTRATIVA Y FINANCIERA | D83: 74754353
B84: PETER ZAHIT GOMEZ | C84: PROFESIONAL ESPECIALIZADO | D84: 80024546
B85: BLANCA YOMAR LOPEZ DELGADILLO | C85: PROFESIONAL ESPECIALIZADO | D85: 51956852
B86: FERNANDO MARTIN ROMERO | C86: PROFESIONAL UNIVERSITARIO | D86: 79501872
B87: WILSON ORLANDO REYES | C87: ALMACENISTA GENERAL | D87: 79653803
B88: SANDRA RUIZ MEDELIN | C88: PROFESIONAL ESPECIALIZADO | D88: 52377143
... B93: INGRID LISBETH RAMIREZ MORENO | C93: SUBDIRECTORA DE SERVICIOS FUNERARIOS Y ALUMBRADO PUBLICO | D93: 47440658

Sheet ANULADO-RECHAZADOS
A1: N° | B1: NO CONTRATO | C1: Abogado asignado | D1: FECHA DE SOLICITUD | E1: ABOGADO ENCARGADO | F1: CLASE DE CONTRATO | G1: TIPO DE CONTRATO (MINUTA) | H1: Descripcion Mod. Selec | I1: NO. DE PROCESO | J1: CODIGO UNSPSC | K1: LINK DE PUBLICACIÓN | L1: ESTADO | M1: TIPO DE GASTO | N1: OBJETO | O1: NOMBRE O RAZON SOCIAL (CONTRATISTA) | P1: NIT Y/O CEDULA | Q1: D.V / CODIGO DE VERIFICACION RUT | R1: REPRESENTANTE LEGAL | S1: NIT REPRESENTANTE LEGAL | T1: CESIONARIO | U1: NIT O CC CESIONARIO | V1: FECHA CESION | W1: CONSORCIO O UNION TEMPORAL | X1: EMPRESAS PARTICIPANTES DE LA UNION TEMPORAL O CONSORCIO | Y1: PORCENTAJE DE PARTICIPACION | Z1: FECHA DE NACIMIENTO DD-MM-AA | AA1: DIRECCION | AB1: TELEFONO | AC1: CORREO ELECTRONICO | AD1: NATURALEZA JURIDICA | AE1: GENERO | AF1: Edad | AG1: PROFESION DE ACUERDO HOJA DE VIDA SIDEAP | AH1: ESTUDIOS ESPECIALIZADOS DE ACUERDO SIDEAP | AI1: TOTAL EXPERIENCIA SIDEAP | AJ1: OBSERVACIONES VALOR | AK1: VALOR ADICIONES | AL1: VIGENCIAS FUTURAS | AM1: VALOR INICIAL | AN1: VALOR MENSUAL PAGADO | AO1: IVA | AP1: CANTIDAD DE PAGOS | AQ1: VALOR TOTAL | AR1: FECHA DE INICIO | AS1: FECHA DE TERMINACION | AT1: TIEMPO EJECUCION INICIAL En meses | AU1: EJECUCION TOTAL EN DIAS | AV1: NO ORFEO | AW1: DEPENDENCIA | AX1: NOMBRE DEL SUPERVISOR | AY1: CARGO | AZ1: NO CDP | BA1: FECHA CDP | BB1: RUBRO PRESUPUESTAL | BC1: NO RP | BD1: FECHA REGISTRO | BE1: CLAUSULA LIQUIDACION | BF1: LIQUIDADO O TERMINADO ANTICIPADAMENTE | BG1: FECHA ACTA LIQUIDACION O TERMINACION ANTICIPADA | BH1: NIVEL DE ACUERDO A TABLA DE HONORARIOS | BI1: VENCIMIENTO LIQUIDACION | BJ1: FECHA DE SUSCRPCIÓN
A2: 1 | B2: UAESP-05-2026 | C2: anulado | D2: anulado | E2: anulado | F2: anulado | G2: anulado | H2: anulado | I2: anulado | J2: anulado | K2: anulado | L2: anulado | M2: anulado | N2: anulado | O2: anulado | P2: anulado | Q2: anulado | R2: anulado | S2: anulado | T2: anulado | U2: anulado | V2: anulado | W2: anulado | X2: anulado | Y2: anulado | Z2: anulado | AA2: anulado | AB2: anulado | AC2: anulado | AD2: anulado | AE2: anulado | AF2: anulado | AG2: anulado | AH2: anulado | AI2: anulado | AJ2: anulado | AK2: anulado | AL2: anulado | AM2: anulado | AN2: anulado | AO2: anulado | AP2: anulado | AQ2: anulado | AR2: anulado | AS2: anulado | AT2: anulado | AU2: anulado | AV2: anulado | AW2: anulado | AX2: anulado | AY2: anulado | AZ2: anulado | BA2: anulado | BB2: anulado | BC2: anulado | BD2: anulado | BE2: anulado | BF2: anulado | BG2: anulado | BH2: anulado | BI2: anulado | BJ2: anulado | BK2: anulado
A3: 2 | B3: UAESP-06-2026 | C3: anulado | D3: anulado | E3: anulado | F3: anulado | G3: anulado | H3: anulado | I3: anulado | J3: anulado | K3: anulado | L3: anulado | M3: anulado | N3: anulado | O3: anulado | P3: anulado | Q3: anulado | R3: anulado | S3: anulado | T3: anulado | U3: anulado | V3: anulado | W3: anulado | X3: anulado | Y3: anulado | Z3: anulado | AA3: anulado | AB3: anulado | AC3: anulado | AD3: anulado | AE3: anulado | AF3: anulado | AG3: anulado | AH3: anulado | AI3: anulado | AJ3: anulado | AK3: anulado | AL3: anulado | AM3: anulado | AN3: anulado | AO3: anulado | AP3: anulado | AQ3: anulado | AR3: anulado | AS3: anulado | AT3: anulado | AU3: anulado | AV3: anulado | AW3: anulado | AX3: anulado | AY3: anulado | AZ3: anulado | BA3: anulado | BB3: anulado | BC3: anulado | BD3: anulado | BE3: anulado | BF3: anulado | BG3: anulado | BH3: anulado | BI3: anulado | BJ3: anulado | BK3: anulado
A4: 11 | B4: UAESP-13-2026 | C4: anulado | D4: anulado | E4: anulado | F4: anulado | G4: anulado | H4: anulado | I4: anulado | J4: anulado | K4: anulado | L4: RECHAZADO | M4: anulado | N4: SAP-003: Prestar servicios profesionales para el control y administración de las comunicaciones internas y externas del proceso de alumbrado público, utilizando los sistemas de información y gestión documental y las bases de seguimiento y control. | O4: DAVID FERNANDO PACHECHO ARIZA | P4: anulado | Q4: anulado | R4: anulado | S4: anulado | T4: anulado | U4: anulado | V4: anulado | W4: anulado | X4: anulado | Y4: anulado | Z4: anulado | AA4: anulado | AB4: anulado | AC4: anulado | AD4: anulado | AE4: anulado | AF4: anulado | AG4: anulado | AH4: anulado | AI4: anulado | AJ4: anulado | AK4: anulado | AL4: anulado | AM4: anulado | AN4: anulado | AO4: anulado | AP4: anulado | AQ4: anulado | AR4: anulado | AS4: anulado | AT4: anulado | AU4: anulado | AV4: anulado | AW4: anulado | AX4: anulado | AY4: anulado | AZ4: anulado | BA4: anulado | BB4: anulado | BC4: anulado | BD4: anulado | BE4: anulado | BF4: anulado | BG4: anulado | BH4: anulado | BI4: anulado | BJ4: anulado | BK4: anulado
A5: 79 | B5: UAESP-81-2026 | C5: anulado | D5: anulado | E5: anulado | F5: anulado | G5: anulado | H5: anulado | I5: anulado | J5: anulado | K5: anulado | L5: RECHAZADO | M5: anulado | O5: NATALIA GONZÁLEZ PORRAS | P5: anulado | Q5: anulado | R5: anulado | S5: anulado | T5: anulado | U5: anulado | V5: anulado | W5: anulado | X5: anulado | Y5: anulado | Z5: anulado | AA5: anulado | AB5: anulado | AC5: anulado | AD5: anulado | AE5: anulado | AF5: anulado | AG5: anulado | AH5: anulado | AI5: anulado | AJ5: anulado | AK5: anulado | AL5: anulado | AM5: anulado | AN5: anulado | AO5: anulado | AP5: anulado | AQ5: anulado | AR5: anulado | AS5: anulado | AT5: anulado | AU5: anulado | AV5: anulado | AW5: anulado | AX5: anulado | AY5: anulado | AZ5: anulado | BA5: anulado | BB5: anulado | BC5: anulado | BD5: anulado | BE5: anulado | BF5: anulado | BG5: anulado | BH5: anulado | BI5: anulado | BJ5: anulado | BK5: anulado
A6: 115 | B6: UAESP-117-2026 | C6: anulado | D6: anulado | E6: anulado | F6: anulado | G6: anulado | H6: anulado | I6: anulado | J6: anulado | K6: anulado | L6: RECHAZADO | M6: anulado | N6: SA-028 Prestar servicios profesionales a la Subdirección de Aprovechamiento para realizar las actividades de coordinación técnica, administrativa y financiera requeridas para el programa de Incentivo al Aprovechamiento y Tratamiento de Residuos Sólidos (IAT), así como de actividades encaminadas al fortalecimiento de la actividad del reciclaje, las organizaciones y los recicladores de oficio | O6: JHON ALEXANDER AVILA MOLANO | P6: anulado | Q6: anulado | R6: anulado | S6: anulado | T6: anulado | U6: anulado | V6: anulado | W6: anulado | X6: anulado | Y6: anulado | Z6: anulado | AA6: anulado | AB6: anulado | AC6: anulado | AD6: anulado | AE6: anulado | AF6: anulado | AG6: anulado | AH6: anulado | AI6: anulado | AJ6: anulado | AK6: anulado | AL6: anulado | AM6: anulado | AN6: anulado | AO6: anulado | AP6: anulado | AQ6: anulado | AR6: anulado | AS6: anulado | AT6: anulado | AU6: anulado | AV6: anulado | AW6: anulado | AX6: anulado | AY6: anulado | AZ6: anulado | BA6: anulado | BB6: anulado | BC6: anulado | BD6: anulado | BE6: anulado | BF6: anulado | BG6: anulado | BH6: anulado | BI6: anulado | BJ6: anulado | BK6: anulado
B7: UAESP-235-2026 | C7: anulado | D7: anulado | E7: anulado | F7: anulado | G7: anulado | H7: anulado | I7: anulado | J7: anulado | K7: anulado | L7: RECHAZADO | M7: anulado | O7: DIANA PAOLA PEÑATA GOMEZ | P7: anulado | Q7: anulado | R7: anulado | S7: anulado | T7: anulado | U7: anulado | V7: anulado | W7: anulado | X7: anulado | Y7: anulado | Z7: anulado | AA7: anulado | AB7: anulado | AC7: anulado | AD7: anulado | AE7: anulado | AF7: anulado | AG7: anulado | AH7: anulado | AI7: anulado | AJ7: anulado | AK7: anulado | AL7: anulado | AM7: anulado | AN7: anulado | AO7: anulado | AP7: anulado | AQ7: anulado | AR7: anulado | AS7: anulado | AT7: anulado | AU7: anulado | AV7: anulado | AW7: anulado | AX7: anulado | AY7: anulado | AZ7: anulado | BA7: anulado | BB7: anulado | BC7: anulado | BD7: anulado | BE7: anulado | BF7: anulado | BG7: anulado | BH7: anulado | BI7: anulado | BJ7: anulado | BK7: anulado
B8: UAESP-362-2026 | C8: anulado | D8: anulado | E8: anulado | F8: anulado | G8: anulado | H8: anulado | I8: anulado | J8: anulado | K8: anulado | L8: anulado | M8: anulado | N8: anulado | O8: anulado | P8: anulado | Q8: anulado | R8: anulado | S8: anulado | T8: anulado | U8: anulado | V8: anulado | W8: anulado | X8: anulado | Y8: anulado | Z8: anulado | AA8: anulado | AB8: anulado | AC8: anulado | AD8: anulado | AE8: anulado | AF8: anulado | AG8: anulado | AH8: anulado | AI8: anulado | AJ8: anulado | AK8: anulado | AL8: anulado | AM8: anulado | AN8: anulado | AO8: anulado | AP8: anulado | AQ8: anulado | AR8: anulado | AS8: anulado | AT8: anulado | AU8: anulado | AV8: anulado | AW8: anulado | AX8: anulado | AY8: anulado | AZ8: anulado | BA8: anulado | BB8: anulado | BC8: anulado | BD8: anulado | BE8: anulado | BF8: anulado | BG8: anulado | BH8: anulado | BI8: anulado | BJ8: anulado | BK8: anulado

Sheet AYP
A1: NO CONTRATO | B1: A1 | C1: A2 | D1: A3 | E1: A4 | F1: A5 | G1: TOTAL ADICIONES | H1: P1 | J1: PLAZO | K1: P2 | M1: PLAZO | N1: P3 | P1: PLAZO
A2: =PRINCIPAL!#REF! -> #REF! | G2: =B2+C2+D2+E2+F2 -> 0
A3: =PRINCIPAL!#REF! -> #REF! | G3: =B3+C3+D3+E3+F3 -> 0
A4: =PRINCIPAL!#REF! -> #REF! | G4: =B4+C4+D4+E4+F4 -> 0
A5: =PRINCIPAL!C2 -> UAESP-455-2026 | B5: 14760000 | G5: =B5+C5+D5+E5+F5 -> 14760000
A6: =PRINCIPAL!#REF! -> #REF! | B6: 5850000 | G6: =B6+C6+D6+E6+F6 -> 5850000 | H6: 46004 | I6: 46034 | J6: 1 MES
A7: =PRINCIPAL!#REF! -> #REF! | B7: 8500000 | G7: =B7+C7+D7+E7+F7 -> 8500000 | H7: 46004 | I7: 46034 | J7: 1 MES
A8: =PRINCIPAL!C3 -> UAESP-431-2026 | G8: =B8+C8+D8+E8+F8 -> 0
A9: =PRINCIPAL!C4 -> UAESP-444-2026 | B9: 3000000 | G9: =B9+C9+D9+E9+F9 -> 3000000 | H9: 46010 | I9: 46025 | J9: 16 DIAS
A10: =PRINCIPAL!C5 -> UAESP-442-2026 | B10: 6000000 | G10: =B10+C10+D10+E10+F10 -> 6000000 | H10: 46004 | I10: 46034 | J10: 1 MES
A11: =PRINCIPAL!C6 -> UAESP-452-2026 | B11: 15000000 | G11: =B11+C11+D11+E11+F11 -> 15000000 | H11: 46004 | I11: 46034 | J11: 1 MES
A12: =PRINCIPAL!C7 -> UAESP-434-2026 | G12: =B12+C12+D12+E12+F12 -> 0
A13: =PRINCIPAL!C8 -> UAESP-456-2026 | B13: 4700000 | G13: =B13+C13+D13+E13+F13 -> 4700000 | H13: 46008 | I13: 46023 | J13: 15 DIAS
A14: ='ANULADO-RECHAZADOS'!B4 -> UAESP-13-2026 | B14: 7500000 | G14: =B14+C14+D14+E14+F14 -> 7500000 | H14: 46004 | I14: 46034 | J14: 1 MES
A15: =PRINCIPAL!C9 -> UAESP-457-2026 | G15: =B15+C15+D15+E15+F15 -> 0
A16: =PRINCIPAL!C10 -> UAESP-436-2026 | G16: =B16+C16+D16+E16+F16 -> 0
A17: =PRINCIPAL!C11 -> UAESP-443-2026 | G17: =B17+C17+D17+E17+F17 -> 0
A18: =PRINCIPAL!C12 -> UAESP-445-2026 | G18: =B18+C18+D18+E18+F18 -> 0
A19: =PRINCIPAL!C13 -> UAESP-454-2026 | G19: =B19+C19+D19+E19+F19 -> 0
A20: =PRINCIPAL!C14 -> UAESP-435-2026 | B20: 3500000 | G20: =B20+C20+D20+E20+F20 -> 3500000 | H20: 46015 | I20: 46030 | J20: 16 DIAS
A21: =PRINCIPAL!C15 -> UAESP-460-2026 | B21: 5000000 | G21: =B21+C21+D21+E21+F21 -> 5000000 | H21: 46009 | I21: 46024 | J21: 16 DIAS
A22: =PRINCIPAL!C16 -> UAESP-462-2026 | B22: 8500000 | G22: =B22+C22+D22+E22+F22 -> 8500000 | H22: 46008 | I22: 46038 | J22: 1 MES
A23: =PRINCIPAL!C17 -> UAESP-441-2026 | B23: 2600000 | G23: =B23+C23+D23+E23+F23 -> 2600000 | H23: 46010 | I23: 46030 | J23: 21 DIAS
A24: =PRINCIPAL!C18 -> UAESP-447-2026 | G24: =B24+C24+D24+E24+F24 -> 0
A25: =PRINCIPAL!C19 -> UAESP-459-2026 | B25: 5850000 | G25: =B25+C25+D25+E25+F25 -> 5850000 | H25: 46009 | I25: 46039 | J25: 1 MES
A26: =PRINCIPAL!C20 -> UAESP-458-2026 | G26: =B26+C26+D26+E26+F26 -> 0
A27: =PRINCIPAL!C21 -> UAESP-451-2026 | G27: =B27+C27+D27+E27+F27 -> 0
A28: =PRINCIPAL!C22 -> UAESP-429-2026 | G28: =B28+C28+D28+E28+F28 -> 0
A29: =PRINCIPAL!C23 -> UAESP-448-2026 | G29: =B29+C29+D29+E29+F29 -> 0
A30: =PRINCIPAL!C24 -> UAESP-428-2026 | G30: =B30+C30+D30+E30+F30 -> 0
A31: =PRINCIPAL!C25 -> UAESP-437-2026 | B31: 3000000 | G31: =B31+C31+D31+E31+F31 -> 3000000 | H31: 46016 | I31: 46031 | J31: 16 DIAS
A32: =PRINCIPAL!C26 -> UAESP-433-2026 | G32: =B32+C32+D32+E32+F32 -> 0
A33: =PRINCIPAL!C27 -> UAESP-461-2026 | G33: =B33+C33+D33+E33+F33 -> 0
A34: =PRINCIPAL!C28 -> UAESP-453-2026 | G34: =B34+C34+D34+E34+F34 -> 0
A35: =PRINCIPAL!C29 -> UAESP-465-2026 | B35: 3500000 | G35: =B35+C35+D35+E35+F35 -> 3500000 | H35: 46011 | I35: 46026 | J35: 15 DIAS
A36: =PRINCIPAL!C30 -> UAESP-470-2026 | B36: 2600000 | G36: =B36+C36+D36+E36+F36 -> 2600000 | H36: 46012 | I36: 46032 | J36: 21 DIAS
A37: =PRINCIPAL!C31 -> UAESP-432-2026 | G37: =B37+C37+D37+E37+F37 -> 0
A38: =PRINCIPAL!C32 -> UAESP-450-2026 | G38: =B38+C38+D38+E38+F38 -> 0
A39: =PRINCIPAL!C33 -> UAESP-427-2026 | G39: =B39+C39+D39+E39+F39 -> 0
A40: =PRINCIPAL!C34 -> UAESP-446-2026 | G40: =B40+C40+D40+E40+F40 -> 0
A41: =PRINCIPAL!C35 -> UAESP-463-2026 | G41: =B41+C41+D41+E41+F41 -> 0
A42: =PRINCIPAL!C36 -> UAESP-440-2026 | G42: =B42+C42+D42+E42+F42 -> 0
A43: =PRINCIPAL!C37 -> UAESP-464-2026 | B43: 2925000 | G43: =B43+C43+D43+E43+F43 -> 2925000 | H43: 46012 | I43: 46027 | J43: 16 DIAS
A44: =PRINCIPAL!C38 -> UAESP-468-2026 | G44: =B44+C44+D44+E44+F44 -> 0
A45: =PRINCIPAL!C39 -> UAESP-466-2026 | G45: =B45+C45+D45+E45+F45 -> 0
A46: =PRINCIPAL!C40 -> UAESP-449-2026 | B46: 15000000 | G46: =B46+C46+D46+E46+F46 -> 15000000 | H46: 46015 | I46: 46104 | J46: 3 MESES
A47: =PRINCIPAL!C41 -> UAESP-467-2026 | G47: =B47+C47+D47+E47+F47 -> 0
A48: =PRINCIPAL!C42 -> UAESP-438-2026 | G48: =B48+C48+D48+E48+F48 -> 0
A49: =PRINCIPAL!C43 -> UAESP-439-2026 | G49: =B49+C49+D49+E49+F49 -> 0
A50: =PRINCIPAL!C44 -> 0 | G50: =B50+C50+D50+E50+F50 -> 0
A51: =PRINCIPAL!C45 -> 0 | G51: =B51+C51+D51+E51+F51 -> 0
A52: =PRINCIPAL!C46 -> 0 | G52: =B52+C52+D52+E52+F52 -> 0
A53: =PRINCIPAL!C47 -> 0 | G53: =B53+C53+D53+E53+F53 -> 0
A54: =PRINCIPAL!C48 -> 0 | G54: =B54+C54+D54+E54+F54 -> 0
A55: =PRINCIPAL!C49 -> 0 | G55: =B55+C55+D55+E55+F55 -> 0
A56: =PRINCIPAL!C50 -> 0 | G56: =B56+C56+D56+E56+F56 -> 0
A57: =PRINCIPAL!C51 -> 0 | G57: =B57+C57+D57+E57+F57 -> 0
A58: =PRINCIPAL!C52 -> 0 | G58: =B58+C58+D58+E58+F58 -> 0
... A62: =PRINCIPAL!C56 -> 0 | G62: =B62+C62+D62+E62+F62 -> 0
A63: =PRINCIPAL!C57 -> 0 | B63: 25200000 | G63: =B63+C63+D63+E63+F63 -> 25200000 | H63: 45958 | I63: 46021 | J63: 2 Meses 3 Dias
A64: =PRINCIPAL!C58 -> 0 | G64: =B64+C64+D64+E64+F64 -> 0
A65: =PRINCIPAL!C59 -> 0 | G65: =B65+C65+D65+E65+F65 -> 0
A66: =PRINCIPAL!C60 -> 0 | B66: 19950000 | G66: =B66+C66+D66+E66+F66 -> 19950000 | H66: 45958 | I66: 46021 | J66: 2 Meses 3 Dias
A67: =PRINCIPAL!C61 -> 0 | G67: =B67+C67+D67+E67+F67 -> 0
A68: =PRINCIPAL!C62 -> 0 | G68: =B68+C68+D68+E68+F68 -> 0
A69: =PRINCIPAL!C63 -> 0 | G69: =B69+C69+D69+E69+F69 -> 0
A70: =PRINCIPAL!C64 -> 0 | G70: =B70+C70+D70+E70+F70 -> 0
A71: =PRINCIPAL!C65 -> 0 | G71: =B71+C71+D71+E71+F71 -> 0
A72: =PRINCIPAL!C66 -> 0 | G72: =B72+C72+D72+E72+F72 -> 0
A73: =PRINCIPAL!C67 -> 0 | B73: 19950000 | G73: =B73+C73+D73+E73+F73 -> 19950000 | H73: 45958 | I73: 46021 | J73: 2 Meses 3 Dias
A74: =PRINCIPAL!C68 -> 0 | G74: =B74+C74+D74+E74+F74 -> 0
A75: =PRINCIPAL!C69 -> 0 | G75: =B75+C75+D75+E75+F75 -> 0
A76: =PRINCIPAL!C70 -> 0 | G76: =B76+C76+D76+E76+F76 -> 0
A77: =PRINCIPAL!C71 -> 0 | G77: =B77+C77+D77+E77+F77 -> 0
A78: =PRINCIPAL!C72 -> 0 | G78: =B78+C78+D78+E78+F78 -> 0
A79: =PRINCIPAL!C73 -> 0 | G79: =B79+C79+D79+E79+F79 -> 0
A80: =PRINCIPAL!C74 -> 0 | G80: =B80+C80+D80+E80+F80 -> 0
A81: =PRINCIPAL!C75 -> 0 | G81: =B81+C81+D81+E81+F81 -> 0
A82: ='ANULADO-RECHAZADOS'!B5 -> UAESP-81-2026 | G82: =B82+C82+D82+E82+F82 -> 0
A83: =PRINCIPAL!C76 -> 0 | G83: =B83+C83+D83+E83+F83 -> 0
A84: =PRINCIPAL!C77 -> 0 | G84: =B84+C84+D84+E84+F84 -> 0
A85: =PRINCIPAL!C78 -> 0 | G85: =B85+C85+D85+E85+F85 -> 0
A86: =PRINCIPAL!C79 -> 0 | G86: =B86+C86+D86+E86+F86 -> 0
A87: =PRINCIPAL!C80 -> 0 | B87: 13373333 | G87: =B87+C87+D87+E87+F87 -> 13373333 | H87: 45968 | I87: 46027 | J87: 2 Meses
A88: =PRINCIPAL!C81 -> 0 | G88: =B88+C88+D88+E88+F88 -> 0
A89: =PRINCIPAL!C82 -> 0 | G89: =B89+C89+D89+E89+F89 -> 0
A90: =PRINCIPAL!C83 -> 0 | G90: =B90+C90+D90+E90+F90 -> 0
A91: =PRINCIPAL!C84 -> 0 | G91: =B91+C91+D91+E91+F91 -> 0
A92: =PRINCIPAL!C85 -> 0 | G92: =B92+C92+D92+E92+F92 -> 0
A93: =PRINCIPAL!C86 -> 0 | G93: =B93+C93+D93+E93+F93 -> 0
A94: =PRINCIPAL!C87 -> 0 | G94: =B94+C94+D94+E94+F94 -> 0
A95: =PRINCIPAL!C88 -> 0 | G95: =B95+C95+D95+E95+F95 -> 0
A96: =PRINCIPAL!C89 -> 0 | G96: =B96+C96+D96+E96+F96 -> 0
A97: =PRINCIPAL!C90 -> 0 | G97: =B97+C97+D97+E97+F97 -> 0
A98: =PRINCIPAL!C91 -> 0 | G98: =B98+C98+D98+E98+F98 -> 0
A99: =PRINCIPAL!C92 -> 0 | G99: =B99+C99+D99+E99+F99 -> 0
... A110: =PRINCIPAL!C103 -> 0 | G110: =B110+C110+D110+E110+F110 -> 0
A111: =PRINCIPAL!C104 -> 0 | B111: 7209275 | G111: =B111+C111+D111+E111+F111 -> 7209275 | H111: 46001 | I111: 46027 | J111: 26 DIAS
A112: =PRINCIPAL!C105 -> 0 | G112: =B112+C112+D112+E112+F112 -> 0
A113: =PRINCIPAL!C106 -> 0 | G113: =B113+C113+D113+E113+F113 -> 0
...

Sheet PROCESOS
B1: MINIMA CUANTIA
A3: FECHA | B3: NO PROCESO | C3: PROFESIONAL | D3: OBJETO | E3: CONTRATISTA | F3: VALOR | G3: ESTADO | H3: NO PROPONENTES | I3: DEPENDENCIA
B32: SELECCIÓN ABREVIADA
A34: FECHA | B34: NO PROCESO | C34: PROFESIONAL | D34: OBJETO | E34: CONTRATISTA | F34: VALOR | G34: ESTADO | H34: NO PROPONENTES | I34: DEPENDENCIA
B52: LICITACION PUBLICA
A54: FECHA | B54: NO PROCESO | C54: PROFESIONAL | D54: OBJETO | E54: CONTRATISTA | F54: VALOR | G54: ESTADO | H54: NO PROPONENTES | I54: DEPENDENCIA
B59: CONCURSO DE MERITOS
A61: FECHA | B61: NO PROCESO | C61: PROFESIONAL | D61: OBJETO | E61: CONTRATISTA | F61: VALOR | G61: ESTADO | H61: NO PROPONENTES | I61: DEPENDENCIA
B66: PROCESOS COMPETITIVOS
A67: FECHA | B67: NO PROCESO | C67: PROFESIONAL | D67: OBJETO | E67: CONTRATISTA | F67: VALOR | G67: ESTADO | H67: NO PROPONENTES | I67: DEPENDENCIA
I68: SAF

Sheet COTIZACIONES
A1: No Cotización | B1: Fecha | C1: Objeto | D1: Dependencia | E1: Solicitante
D2: - | E2: -
D3: - | E3: -

Sheet ANULADOS
A1: NO CONTRATO | B1: FECHA DE SUSCRIPCIÓN | C1: ABOGADO ENCARGADO | D1: CLASE DE CONTRATO | E1: TIPO DE CONTRATO (MINUTA) | F1: MODALIDAD DE SELECCIÓN | G1: NO. DE PROCESO | H1: CODIGO UNSPSC | I1: LINK DE PUBLICACIÓN | J1: OBJETO | K1: NOMBRE O RAZON SOCIAL (CONTRATISTA)
A2: UAESP-16-2025 | B2: 45699 | C2: Camilo | D2: 31 31-Servicios Profesionales | E2: PRESTACION DE SERVICIOS PROFESIONALES | F2: 5 5. Contratación directa | G2: N/A | H2: 80161500 | I2: https://community.secop.gov.co/Public/Tendering/OpportunityDetail/Index?noticeUID=CO1.NTC.7609963&isFromPublicArea=True&isModal=true&asPopupView=true | J2: AP-004 Prestar servicios profesionales a la Subdirección de Servicios Funerarios y Alumbrado Público en asuntos ambientales y sanitarios, relacionados con la prestación del servicio de Alumbrado Público y hornos crematorios en los cementerios de propiedad del Distrito | K2: Ever Adrian Hernandez
A3: UAESP-40-2025 | B3: 45707 | C3: Andrea Torres | D3: 31 31-Servicios Profesionales | E3: PRESTACION DE SERVICIOS PROFESIONALES | F3: 5 5. Contratación directa | G3: N/A | H3: 80161500 | I3: https://community.secop.gov.co/Public/Tendering/OpportunityDetail/Index?noticeUID=CO1.NTC.7677097&isFromPublicArea=True&isModal=true&asPopupView=true | J3: SSF-027 Prestar servicios profesionales como apoyo transversal a la subdirección en la coordinación en los asuntos que le sean requeridos para el apoyo a la supervisión de los servicios
A4: UAESP-153-2025 | B4: 45736 | C4: Camilo | D4: 49 49-Otros Servicios | E4: PRESTACION DE SERVICIOS | F4: 2 2. Selección abreviada | G4: No salio con este numero | H4: No salio con este numero | I4: No salio con este numero | J4: No salio con este numero | K4: No salio con este numero
A5: UAESP-169-2025 | B5: 45744 | C5: Johanna | D5: 31 31-Servicios Profesionales | E5: PRESTACION DE SERVICIOS PROFESIONALES | F5: 5 5. Contratación directa | G5: N/A | H5: 80161500 | I5: https://community.secop.gov.co/Public/Tendering/OpportunityDetail/Index?noticeUID=CO1.NTC.7913135&isFromPublicArea=True&isModal=true&asPopupView=true | J5: RBL-039 Prestar servicios profesionales a la Unidad Administrativa Especial de Servicios Públicos - UAESP para desarrollar acciones en territorio con entidades distritales y comunidad, que permitan mejoras significativas en la atención de requerimientos, gestionar las actividades relacionadas con los servicios y operativos locales que garanticen satisfacción del usuario con relación a las responsabilidades a cargo de la Entidad | K5: JOSE MANUEL LLAIN TORRADO
A6: UAESP-170-2025 | B6: No se Ejecuto | C6: No se Ejecuto | D6: 31 31-Servicios Profesionales | E6: PRESTACION DE SERVICIOS PROFESIONALES | F6: 5 5. Contratación directa | G6: No se Ejecuto | H6: No se Ejecuto | I6: No se Ejecuto | J6: No se Ejecuto | K6: No se Ejecuto
A7: UAESP-175-2025 | B7: No se Ejecuto | C7: No se Ejecuto | D7: No se Ejecuto | E7: No se Ejecuto | F7: No se Ejecuto | G7: No se Ejecuto | H7: No se Ejecuto | I7: No se Ejecuto | J7: No se Ejecuto | K7: No se Ejecuto
A8: UAESP-219-2025 | B8: No se Ejecuto | C8: No se Ejecuto | D8: No se Ejecuto | E8: No se Ejecuto | F8: No se Ejecuto | G8: No se Ejecuto | H8: No se Ejecuto | I8: No se Ejecuto | J8: No se Ejecuto | K8: No se Ejecuto
A9: UAESP-239-2025 | B9: No se Ejecuto | C9: No se Ejecuto | D9: No se Ejecuto | E9: No se Ejecuto | F9: No se Ejecuto | G9: No se Ejecuto | H9: No se Ejecuto | I9: No se Ejecuto | J9: No se Ejecuto | K9: No se Ejecuto
A10: UAESP-265-2025 | B10: No se Ejecuto | C10: No se Ejecuto | D10: No se Ejecuto | E10: No se Ejecuto | F10: No se Ejecuto | G10: No se Ejecuto | H10: No se Ejecuto | I10: No se Ejecuto | J10: No se Ejecuto | K10: No se Ejecuto
A11: UAESP-318-2025 | B11: Desistido | C11: Desistido | D11: Desistido | E11: Desistido | F11: Desistido | G11: Desistido | H11: Desistido | I11: Desistido | J11: Desistido | K11: Desistido
A12: UAESP-360-2025 | B12: Rechazada | C12: Rechazada | D12: Rechazada | E12: Rechazada | F12: Rechazada | G12: Rechazada | H12: Rechazada | I12: Rechazada | J12: Rechazada | K12: Rechazada
A13: UAESP-400-2025 | B13: Rechazada | C13: Rechazada | D13: Rechazada | E13: Rechazada | F13: Rechazada | G13: Rechazada | H13: Rechazada | I13: Rechazada | J13: Rechazada | K13: Rechazada

Sheet SUSPENSIONES
A1: NO CONTRATO | B1: CONTRATISTA | C1: SUSPENSION | E1: PLAZO | F1: REINICIO
A2: =PRINCIPAL!#REF! -> #REF! | B2: =PRINCIPAL!#REF! -> #REF!
A3: =PRINCIPAL!#REF! -> #REF! | B3: =PRINCIPAL!#REF! -> #REF!
A4: =PRINCIPAL!#REF! -> #REF! | B4: =PRINCIPAL!#REF! -> #REF!
A5: =PRINCIPAL!C2 -> UAESP-455-2026 | B5: =PRINCIPAL!K2 -> LEVIS STEVEEN PAEZ UBAQUE
A6: =PRINCIPAL!#REF! -> #REF! | B6: =PRINCIPAL!#REF! -> #REF!
A7: =PRINCIPAL!#REF! -> #REF! | B7: =PRINCIPAL!#REF! -> #REF!
A8: =PRINCIPAL!C3 -> UAESP-431-2026 | B8: =PRINCIPAL!K3 -> MILTON LEANDRO PLAZAS RUEDA
A9: =PRINCIPAL!C4 -> UAESP-444-2026 | B9: =PRINCIPAL!K4 -> DIEGO FELIPE RODRIGUEZ ANGEL
A10: =PRINCIPAL!C5 -> UAESP-442-2026 | B10: =PRINCIPAL!K5 -> YAMILE TOVAR MARTINEZ
A11: =PRINCIPAL!C6 -> UAESP-452-2026 | B11: =PRINCIPAL!K6 -> SARA LISETH SANCHEZ URRUTIA
A12: =PRINCIPAL!C7 -> UAESP-434-2026 | B12: =PRINCIPAL!K7 -> JENNIFER VANEGAS PEÑA
A13: =PRINCIPAL!C8 -> UAESP-456-2026 | B13: =PRINCIPAL!K8 -> SAHIDA NATALIA BERNAL
A14: ='ANULADO-RECHAZADOS'!B4 -> UAESP-13-2026 | B14: ='ANULADO-RECHAZADOS'!O4 -> DAVID FERNANDO PACHECHO ARIZA
A15: =PRINCIPAL!C9 -> UAESP-457-2026 | B15: =PRINCIPAL!K9 -> CAMILO ANDRES LAVERDE ALDANA
A16: =PRINCIPAL!C10 -> UAESP-436-2026 | B16: =PRINCIPAL!K10 -> PÉREZ-LLORCA, GÓMEZ-PINZÓN SAS
A17: =PRINCIPAL!C11 -> UAESP-443-2026 | B17: =PRINCIPAL!K11 -> JHOAN SEBASTIAN RUSSO FLÓREZ
A18: =PRINCIPAL!C12 -> UAESP-445-2026 | B18: =PRINCIPAL!K12 -> ANA LUCIA QUIJANO HOYOS
A19: =PRINCIPAL!C13 -> UAESP-454-2026 | B19: =PRINCIPAL!K13 -> DIANA MILENA CARDENAS CARREÑO
A20: =PRINCIPAL!C14 -> UAESP-435-2026 | B20: =PRINCIPAL!K14 -> GILBERTO MENDOZA ARDILA
A21: =PRINCIPAL!C15 -> UAESP-460-2026 | B21: =PRINCIPAL!K15 -> JOSE DE JESUS GONZALEZ JOVEN
A22: =PRINCIPAL!C16 -> UAESP-462-2026 | B22: =PRINCIPAL!K16 -> GERMÁN ANDRÉS RUBIO ESCOBAR
A23: =PRINCIPAL!C17 -> UAESP-441-2026 | B23: =PRINCIPAL!K17 -> LORENZO ANDRÉS DÍAZ CARVAJAL
A24: =PRINCIPAL!C18 -> UAESP-447-2026 | B24: =PRINCIPAL!K18 -> ANA BEATRIZ AREVALO CASTAÑEDA
A25: =PRINCIPAL!C19 -> UAESP-459-2026 | B25: =PRINCIPAL!K19 -> ZULAY NATALIA BECERRA MARTINEZ
A26: =PRINCIPAL!C20 -> UAESP-458-2026 | B26: =PRINCIPAL!K20 -> YENNIFER LIZETH MORALES ROJAS
... A81: =PRINCIPAL!C75 -> 0 | B81: =PRINCIPAL!K75 -> 0
A82: ='ANULADO-RECHAZADOS'!B5 -> UAESP-81-2026 | B82: ='ANULADO-RECHAZADOS'!O5 -> NATALIA GONZÁLEZ PORRAS
A83: =PRINCIPAL!C76 -> 0 | B83: =PRINCIPAL!K76 -> 0
A84: =PRINCIPAL!C77 -> 0 | B84: =PRINCIPAL!K77 -> 0
A85: =PRINCIPAL!C78 -> 0 | B85: =PRINCIPAL!K78 -> 0
A86: =PRINCIPAL!C79 -> 0 | B86: =PRINCIPAL!K79 -> 0
A87: =PRINCIPAL!C80 -> 0 | B87: =PRINCIPAL!K80 -> 0
A88: =PRINCIPAL!C81 -> 0 | B88: =PRINCIPAL!K81 -> 0
A89: =PRINCIPAL!C82 -> 0 | B89: =PRINCIPAL!K82 -> 0
A90: =PRINCIPAL!C83 -> 0 | B90: =PRINCIPAL!K83 -> 0
A91: =PRINCIPAL!C84 -> 0 | B91: =PRINCIPAL!K84 -> 0
A92: =PRINCIPAL!C85 -> 0 | B92: =PRINCIPAL!K85 -> 0
A93: =PRINCIPAL!C86 -> 0 | B93: =PRINCIPAL!K86 -> 0
A94: =PRINCIPAL!C87 -> 0 | B94: =PRINCIPAL!K87 -> 0
... A117: =PRINCIPAL!C110 -> 0 | B117: =PRINCIPAL!K110 -> 0
A118: ='ANULADO-RECHAZADOS'!B6 -> UAESP-117-2026 | B118: ='ANULADO-RECHAZADOS'!O6 -> JHON ALEXANDER AVILA MOLANO
A119: =PRINCIPAL!C111 -> 0 | B119: =PRINCIPAL!K111 -> 0
A120: =PRINCIPAL!C112 -> 0 | B120: =PRINCIPAL!K112 -> 0
A121: =PRINCIPAL!C113 -> 0 | B121: =PRINCIPAL!K113 -> 0
A122: =PRINCIPAL!C114 -> 0 | B122: =PRINCIPAL!K114 -> 0
A123: =PRINCIPAL!C115 -> 0 | B123: =PRINCIPAL!K115 -> 0
A124: =PRINCIPAL!C116 -> 0 | B124: =PRINCIPAL!K116 -> 0
A125: =PRINCIPAL!C117 -> 0 | B125: =PRINCIPAL!K117 -> 0
A126: =PRINCIPAL!C118 -> 0 | B126: =PRINCIPAL!K118 -> 0
A127: =PRINCIPAL!C119 -> 0 | B127: =PRINCIPAL!#REF! -> #REF!
A128: =PRINCIPAL!C120 -> 0 | B128: =PRINCIPAL!K120 -> 0
A129: =PRINCIPAL!C121 -> 0 | B129: =PRINCIPAL!K121 -> 0
A130: =PRINCIPAL!C122 -> 0 | B130: =PRINCIPAL!K122 -> 0
A131: =PRINCIPAL!C123 -> 0 | B131: =PRINCIPAL!K123 -> 0
A132: =PRINCIPAL!C124 -> 0 | B132: =PRINCIPAL!K124 -> 0
A133: =PRINCIPAL!C125 -> 0 | B133: =PRINCIPAL!K125 -> 0
A134: =PRINCIPAL!C126 -> 0 | B134: =PRINCIPAL!K126 -> 0
A135: =PRINCIPAL!C127 -> 0 | B135: =PRINCIPAL!K127 -> 0
A136: =PRINCIPAL!C128 -> 0 | B136: =PRINCIPAL!K128 -> 0
A137: =PRINCIPAL!C129 -> 0 | B137: =PRINCIPAL!K129 -> 0
A138: =PRINCIPAL!C130 -> 0 | B138: =PRINCIPAL!K130 -> 0
A139: =PRINCIPAL!C131 -> 0 | B139: =PRINCIPAL!K131 -> 0
A140: =PRINCIPAL!C132 -> 0 | B140: =PRINCIPAL!K132 -> 0
A141: =PRINCIPAL!#REF! -> #REF! | B141: =PRINCIPAL!#REF! -> #REF!
A142: =PRINCIPAL!C133 -> 0 | B142: =PRINCIPAL!K133 -> 0
A143: =PRINCIPAL!C134 -> 0 | B143: =PRINCIPAL!K134 -> 0
A144: =PRINCIPAL!C135 -> 0 | B144: =PRINCIPAL!K135 -> 0
A145: =PRINCIPAL!C136 -> 0 | B145: =PRINCIPAL!K136 -> 0
A146: =PRINCIPAL!C137 -> 0 | B146: =PRINCIPAL!K137 -> 0
A147: =PRINCIPAL!C138 -> 0 | B147: =PRINCIPAL!K138 -> 0
A148: =PRINCIPAL!C139 -> 0 | B148: =PRINCIPAL!K139 -> 0
A149: =PRINCIPAL!C140 -> 0 | B149: =PRINCIPAL!K140 -> 0
A150: =PRINCIPAL!C141 -> 0 | B150: =PRINCIPAL!K141 -> 0
A151: =PRINCIPAL!C142 -> 0 | B151: =PRINCIPAL!K142 -> 0
A152: =PRINCIPAL!C143 -> 0 | B152: =PRINCIPAL!K143 -> 0
A153: =PRINCIPAL!C144 -> 0 | B153: =PRINCIPAL!K144 -> 0
... A235: =PRINCIPAL!C226 -> 0 | B235: =PRINCIPAL!K226 -> 0
A236: =PRINCIPAL!#REF! -> #REF! | B236: =PRINCIPAL!#REF! -> #REF!
A237: =PRINCIPAL!C227 -> 0 | B237: =PRINCIPAL!K227 -> 0
A238: =PRINCIPAL!C228 -> 0 | B238: =PRINCIPAL!K228 -> 0
A239: =PRINCIPAL!C229 -> 0 | B239: =PRINCIPAL!K229 -> 0
A240: =PRINCIPAL!C230 -> 0 | B240: =PRINCIPAL!K230 -> 0
A241: =PRINCIPAL!C231 -> 0 | B241: =PRINCIPAL!K231 -> 0
A242: =PRINCIPAL!C232 -> 0 | B242: =PRINCIPAL!K232 -> 0
A243: =PRINCIPAL!C233 -> 0 | B243: =PRINCIPAL!K233 -> 0
A244: =PRINCIPAL!C234 -> 0 | B244: =PRINCIPAL!K234 -> 0
A245: =PRINCIPAL!C235 -> 0 | B245: =PRINCIPAL!K235 -> 0
A246: =PRINCIPAL!C236 -> 0 | B246: =PRINCIPAL!K236 -> 0
A247: =PRINCIPAL!C237 -> 0 | B247: =PRINCIPAL!K237 -> 0
A248: =PRINCIPAL!C238 -> 0 | B248: =PRINCIPAL!K238 -> 0
... A290: =PRINCIPAL!C280 -> 0 | B290: =PRINCIPAL!K280 -> 0
A291: =PRINCIPAL!#REF! -> #REF! | B291: =PRINCIPAL!#REF! -> #REF!
A292: =PRINCIPAL!C281 -> 0 | B292: =PRINCIPAL!K281 -> 0
A293: =PRINCIPAL!C282 -> 0 | B293: =PRINCIPAL!K282 -> 0
A294: =PRINCIPAL!C283 -> 0 | B294: =PRINCIPAL!K283 -> 0
A295: =PRINCIPAL!C284 -> 0 | B295: =PRINCIPAL!K284 -> 0
A296: =PRINCIPAL!C285 -> 0 | B296: =PRINCIPAL!K285 -> 0
A297: =PRINCIPAL!C286 -> 0 | B297: =PRINCIPAL!K286 -> 0
A298: =PRINCIPAL!C287 -> 0 | B298: =PRINCIPAL!K287 -> 0
...

Sheet Ordenes de Compra
A1: Orden de Compra | B1: Entidad Estatal | C1: Fecha de la orden | D1: Estado | E1: Instrumento | F1: Total | G1: CONTRATISTA | H1: OBJETO | I1: FECHA VENCIMIENTO | J1: DEPENDENCIA
A2: 143438 | B2: UNIDAD ADMINISTRATIVA ESPECIAL DE SERVICIOS PUBLICOS | C2: 45733.756 | D2: Emitido | E2: Aseo y Cafetería IV | F2: $524,619,509 | G2: CONSORCIO KIOS | H2: SAF-001 Adquirir por medio del Acuerdo Marco de Precios CCE-126-2023 el servicio de aseo e insumos de aseo, jardinería y cafetería para todos los bienes muebles que se encuentran en propiedad y en figura de arrendamiento a nombre de la Unidad Administrativa Especial de Servicios Públicos | I2: 12/30/2025 | J2: Subdireccion Administrativa y Financiera
A3: 148224 | B3: UNIDAD ADMINISTRATIVA ESPECIAL DE SERVICIOS PUBLICOS | C3: 45835.374 | D3: Emitido | E3: IAD Software por Catalogo II | F3: $50,014,866 | G3: UT Catalogo de Software ArcGIS de Esri | H3: TIC-023 Adquisición del licenciamiento ArcGis de georreferenciación para el servicio de las áreas misionales de la Unidad Administrativa Especial de Servicios Públicos. | I3: 46198 | J3: Oficina de Tecnologias de la Informacion y las Comunicaciones
A4: 148582 | B4: UNIDAD ADMINISTRATIVA ESPECIAL DE SERVICIOS PUBLICOS | C4: 45845.379 | D4: Emitido | E4: IAD Software por Catalogo II | F4: $561,809,100 | G4: Consorcio IAD Dinamico Softwareone | H4: TIC-016 Renovar la suscripción de licencias de servicios de ofimática suit con cuentas correos, colaborativas y BI para el desarrollo de las actividades de la Unidad Administrativa Especial de Servicios Públicos - UAESP, a través la Tienda Virtual del Estado Colombiano. | I4: 46213 | J4: Oficina de Tecnologias de la Informacion y las Comunicaciones
A5: 148732 | B5: UNIDAD ADMINISTRATIVA ESPECIAL DE SERVICIOS PUBLICOS | C5: 45847.437 | D5: Emitido | E5: ETP III | F5: $8,582,896 | G5: SOLUTION COPY LTDA | H5: TIC-014 Contratar el servicio de equipos periféricos tipo escáner para la Unidad Administrativa Especial de Servicios Públicos- UAESP a través la Tienda Virtual del Estado Colombiano Acuerdo Marco. | I5: 46216 | J5: Oficina de Tecnologias de la Informacion y las Comunicaciones
A6: 150094 | B6: UNIDAD ADMINISTRATIVA ESPECIAL DE SERVICIOS PUBLICOS | C6: 45881.459 | D6: Emitido | E6: Grandes Superficies | F6: $8,037,890 | G6: Falabella de Colombia S.A. | H6: SAF-084 Adquirir a través de la TVEC - Grandes Superficies, el mobiliario y equipo de oficina requerido en las instalaciones de la nueva sede de la UAESP. | I6: 45941 | J6: Subdireccion Administrativa y Financiera
A7: 150095 | B7: UNIDAD ADMINISTRATIVA ESPECIAL DE SERVICIOS PUBLICOS | C7: 45881.459 | D7: Emitido | E7: Grandes Superficies | F7: $37,830,100 | G7: Panamericana Outsourcing S.A. | H7: SAF-084 Adquirir a través de la TVEC - Grandes Superficies, el mobiliario y equipo de oficina requerido en las instalaciones de la nueva sede de la UAESP. | I7: 45941 | J7: Subdireccion Administrativa y Financiera
A8: 150096 | B8: UNIDAD ADMINISTRATIVA ESPECIAL DE SERVICIOS PUBLICOS | C8: 45881.459 | D8: Emitido | E8: Grandes Superficies | F8: $1,028,755 | G8: FERRICENTROS SAS | H8: SAF-084 Adquirir a través de la TVEC - Grandes Superficies, el mobiliario y equipo de oficina requerido en las instalaciones de la nueva sede de la UAESP. | I8: 45941 | J8: Subdireccion Administrativa y Financiera
A9: 150097 | B9: UNIDAD ADMINISTRATIVA ESPECIAL DE SERVICIOS PUBLICOS | C9: 45881.459 | D9: Emitido | E9: Grandes Superficies | F9: $2,288,888 | G9: PROVEER INSTITUCIONAL SAS | H9: SAF-084 Adquirir a través de la TVEC - Grandes Superficies, el mobiliario y equipo de oficina requerido en las instalaciones de la nueva sede de la UAESP. | I9: 45941 | J9: Subdireccion Administrativa y Financiera
A10: 150098 | B10: UNIDAD ADMINISTRATIVA ESPECIAL DE SERVICIOS PUBLICOS | C10: 45881.459 | D10: Emitido | E10: Grandes Superficies | F10: $4,656,000 | G10: CENCOSUD COLOMBIA S.A. | H10: SAF-084 Adquirir a través de la TVEC - Grandes Superficies, el mobiliario y equipo de oficina requerido en las instalaciones de la nueva sede de la UAESP. | I10: 45941 | J10: Subdireccion Administrativa y Financiera
A11: 151184 | B11: UNIDAD ADMINISTRATIVA ESPECIAL DE SERVICIOS PUBLICOS | C11: 45903.52 | D11: Emitido | E11: Combustible (Nacional) III | F11: $56,770,630 | G11: Distracom S.A. | H11: SAF-069 Contratar el suministro de gasolina para los vehículos de la entidad y garantizar la prestación de los servicios de recorridos misionales de la UAESP. | I11: 46056 | J11: Subdireccion Administrativa y Financiera

Sheet Resumen (Tablas Dinámicas)
C7: TABLA DINÁMICA (CONSULTA x CONTRATISTA)
C9: NOMBRE O RAZON SOCIAL (CONTRATISTA) | D9: ANA MARIA MANCIPE MONTENEGRO
C11: DURACIÓN DEL CONTRATO EN MESES | D11: VALOR CONTRATO | E11: CANTIDAD DE CONTRATOS
C12: 4 | D12: 40000000 | E12: 1
C13: Total Meses: 4 | E13: 1
C14: 6 | D14: 60000000 | E14: 1
C15: Total Meses: 6 | E15: 1
C16: Total de Contratos | E16: 2
C24: TABLA DINÁMICA (CONSULTA x DEPENDENCIAS)
C26: NOMBRE DE LA DEPENDENCIA | D26: Subdireccion de Disposicion Final
C28: NOMBRE O RAZON SOCIAL (CONTRATISTA) | D28: ESTADO DEL CONTRATO | E28: CANTIDAD DE CONTRATOS | F28: VALOR DEL CONTRATO
C29: JENNIFER VNEGAS PEÑA | D29: Vigente | E29: 1 | F29: 72000000
C30: JENNIFER VNEGAS PEÑA Total | E30: 1 | F30: 72000000
C31: ANDRES GERARDO CASTAÑEDA CAMARGO | D31: Vigente | E31: 1 | F31: 96000000
C32: ANDRES GERARDO CASTAÑEDA CAMARGO Total | E32: 1 | F32: 96000000
C33: ANGELA MARIA LEIVA TENJO | D33: Vigente | E33: 1 | F33: 34164000
C34: ANGELA MARIA LEIVA TENJO Total | E34: 1 | F34: 34164000
C35: Armando Rodríguez Ochoa | D35: Vigente | E35: 1 | F35: 76000000
C36: Armando Rodríguez Ochoa Total | E36: 1 | F36: 76000000
C37: AURA CRISTINA GARCÍA OTÁLORA | D37: Vigente | E37: 1 | F37: 60000000
C38: AURA CRISTINA GARCÍA OTÁLORA Total | E38: 1 | F38: 60000000
C39: CARLOS ANDRES ACERO | D39: Vigente | E39: 1 | F39: 76000000
C40: CARLOS ANDRES ACERO Total | E40: 1 | F40: 76000000
C41: CARLOS GEOVANNY BORDA PEREZ | D41: Vigente | E41: 1 | F41: 96000000
C42: CARLOS GEOVANNY BORDA PEREZ Total | E42: 1 | F42: 96000000
C43: CHRISTIAM MODESTO DIAZ GONZALEZ | D43: Vigente | E43: 1 | F43: 76000000
C44: CHRISTIAM MODESTO DIAZ GONZALEZ Total | E44: 1 | F44: 76000000
C45: CRISTIAN PINEDA | D45: Vigente | E45: 1 | F45: 76000000
C46: CRISTIAN PINEDA Total | E46: 1 | F46: 76000000
C47: DEIBY ALEJANDRO BERNAL PERILLA | D47: Vigente | E47: 1 | F47: 76000000
C48: DEIBY ALEJANDRO BERNAL PERILLA Total | E48: 1 | F48: 76000000
C49: FELIX ALBERTO PINZON MONTOYA | D49: Vigente | E49: 1 | F49: 36000000
C50: FELIX ALBERTO PINZON MONTOYA Total | E50: 1 | F50: 36000000
C51: GRUPO YACAR INGENIERIA S.A. | D51: Vigente | E51: 1 | F51: 206793200
C52: GRUPO YACAR INGENIERIA S.A. Total | E52: 1 | F52: 206793200
C53: HARVY ZURITH BARRIOS LOPEZ | D53: Vigente | E53: 1 | F53: 54400000
C54: HARVY ZURITH BARRIOS LOPEZ Total | E54: 1 | F54: 54400000
C55: JAVIER ANDRES MOLANO AVELLA | D55: Vigente | E55: 1 | F55: 49000000
C56: JAVIER ANDRES MOLANO AVELLA Total | E56: 1 | F56: 49000000
C57: JOSE MANUEL LLAIN TORRADO | D57: Vigente | E57: 1 | F57: 62500000
C58: JOSE MANUEL LLAIN TORRADO Total | E58: 1 | F58: 62500000
C59: LARITZA PAEZ MARTINEZ | D59: Vigente | E59: 1 | F59: 76000000
C60: LARITZA PAEZ MARTINEZ Total | E60: 1 | F60: 76000000
C61: LORENZO ANDRES DIAZ CARVAJAL | D61: Vigente | E61: 1 | F61: 64000000
C62: LORENZO ANDRES DIAZ CARVAJAL Total | E62: 1 | F62: 64000000
C63: Luis Felipe Chitiva Angel | D63: Vigente | E63: 1 | F63: 64000000
C64: Luis Felipe Chitiva Angel Total | E64: 1 | F64: 64000000
C65: MAGDA CELENA MANOSALVA DE CELIS | D65: Vigente | E65: 1 | F65: 66666667
C66: MAGDA CELENA MANOSALVA DE CELIS Total | E66: 1 | F66: 66666667
C67: MARCELA PATRICIA MARTINEZ GONZALEZ | D67: Vigente | E67: 1 | F67: 52000000
C68: MARCELA PATRICIA MARTINEZ GONZALEZ Total | E68: 1 | F68: 52000000
C69: María Elena Díaz Arias | D69: Vigente | E69: 1 | F69: 76000000
C70: María Elena Díaz Arias Total | E70: 1 | F70: 76000000
C71: MIGUEL ANGEL ORJUELA PEÑALOSA | D71: Vigente | E71: 1 | F71: 67200000
C72: MIGUEL ANGEL ORJUELA PEÑALOSA Total | E72: 1 | F72: 67200000
C73: Oswaldo Alfonso Arias Rodríguez | D73: Vigente | E73: 1 | F73: 40400000
C74: Oswaldo Alfonso Arias Rodríguez Total | E74: 1 | F74: 40400000
C75: RAUL IVAN ARIAS RODRIGUEZ | D75: Vigente | E75: 1 | F75: 93916667
C76: RAUL IVAN ARIAS RODRIGUEZ Total | E76: 1 | F76: 93916667
C77: STHEPANIE ROMAN PARDO | D77: Vigente | E77: 1 | F77: 67200000
C78: STHEPANIE ROMAN PARDO Total | E78: 1 | F78: 67200000
C79: UNIDAD DE INVESTIGACIÓN CRIMINAL DE LA DEFENSA | D79: Vigente | E79: 1 | F79: 654500000
C80: UNIDAD DE INVESTIGACIÓN CRIMINAL DE LA DEFENSA Total | E80: 1 | F80: 654500000
C81: UNIVERSIDA DISTRITAL | D81: Vigente | E81: 1 | F81: 207261600
C82: UNIVERSIDA DISTRITAL Total | E82: 1 | F82: 207261600
C83: UNIVERSIDAD NACIONAL ABIERTA Y A DISTANCIA | D83: Vigente | E83: 1 | F83: 156585000
C84: UNIVERSIDAD NACIONAL ABIERTA Y A DISTANCIA Total | E84: 1 | F84: 156585000
C85: UNIVERSIDAD PEDAGOGICA NACIONAL | D85: TERMINADO | E85: 1 | F85: 281853000
C86: UNIVERSIDAD PEDAGOGICA NACIONAL Total | E86: 1 | F86: 281853000
C87: YANETH VILLARRAGA | D87: Vigente | E87: 1 | F87: 60000000
C88: YANETH VILLARRAGA Total | E88: 1 | F88: 60000000
C89: YIRLY DAYAN GALEANO AVILA | D89: Vigente | E89: 1 | F89: 33600000
C90: YIRLY DAYAN GALEANO AVILA Total | E90: 1 | F90: 33600000
C91: VALOR TOTAL DE CONTRATOS | E91: 31 | F91: 3208040134
